Map: Ever Dream LE

Players

HellraiseR

  • Race: Protoss Protoss
  • League: Grandmaster
  • Spawn Location: 1:00

Rail - Winner!

  • Race: Protoss Protoss
  • League: Grandmaster
  • Spawn Location: 7:00

Event: DreamHack SC2 Masters 2020 Summer Europe

VOD

Have the link to the VOD?

Description

Time

  • Played on: July 5, 2020, 10:13 a.m.
  • Length: 5:43

All games in this series

Show
View Real Time Build Order
Export as new Build Order

HellraiseR Protoss 

Build Orders: Phoenix Opening 

Get SALT Encoding   

  12  0:01  Probe  
  13  0:13  Probe  
  14  0:17  Pylon  
  14  0:24  Probe  
  15  0:32  Probe  
  15  0:38  Gateway  
  15  0:40  Probe  
  16  0:46  Assimilator  
  17  0:51  Probe  
  17  0:54  Assimilator  
  18  0:59  Probe  
  19  1:08  Gateway, Probe  
  19  1:18  Probe  
  20  1:25  Cybernetics Core  
  21  1:30  Probe  
  22  1:34  Pylon  
  22  1:42  Probe  
  24  1:54  Probe  
  24  2:01  Stalker  
  24  2:02  Warp Gate  
  28  2:10  Sentry, Pylon  
  28  2:13  Probe  
  29  2:31  Nexus  
  29  2:39  Stalker  
  31  2:46  Stalker  
  31  2:49  Probe  
  34  2:53  Phoenix  
  34  2:58  Shield Battery  
  34  3:03  Probe  
  35  3:09  Sentry  
  37  3:15  Pylon  
  37  3:18  Probe  
  38  3:30  Probe  
  39  3:40  Probe  
  39  3:42  Probe  
  39  3:43  Robotics Facility  
  39  3:48  Probe  
  41  3:50  Probe  
  43  3:56  Probe  
  43  4:00  Probe  
  44  4:06  Forge  
  44  4:08  Probe x2  
  44  4:09  Adept x2  
  50  4:16  Probe  
  51  4:20  Probe  
  51  4:21  Immortal  
  53  4:25  Pylon  
  53  4:29  Probe  
  58  4:32  Probe  
  58  4:36  Pylon  
  59  4:45  Sentry  
  59  4:46  Stalker  
  59  4:48  Shield Battery  
  59  4:49  Shield Battery  
  59  4:50  Shield Battery  
  63  4:55  Immortal  
  59  5:09  Sentry  
  59  5:10  Sentry  
  61  5:24  Pylon  
  61  5:33  Adept x2  
Show
View Real Time Build Order
Export as new Build Order

Rail Protoss - Winner!

Build Orders:  

Get SALT Encoding   

  12  0:00  Probe  
  13  0:13  Probe  
  14  0:17  Pylon  
  14  0:24  Probe  
  15  0:32  Probe  
  15  0:37  Gateway  
  15  0:40  Probe  
  16  0:46  Assimilator  
  17  0:51  Probe  
  17  0:54  Assimilator  
  18  0:59  Probe  
  19  1:07  Gateway, Probe  
  19  1:17  Probe  
  20  1:24  Cybernetics Core  
  21  1:29  Probe  
  22  1:42  Probe  
  22  1:43  Pylon  
  23  2:01  Sentry, Stalker  
  27  2:03  Warp Gate  
  27  2:05  Probe, Pylon  
  28  2:22  Robotics Facility  
  28  2:31  Stalker  
  30  2:45  Nexus  
  30  2:49  Sentry  
  32  3:04  Probe  
  33  3:06  Immortal  
  33  3:07  Shield Battery  
  32  3:16  Probe  
  37  3:20  Pylon  
  37  3:28  Probe  
  38  3:36  Warp Prism  
  38  3:42  Probe  
  41  3:53  Sentry  
  41  3:54  Stalker  
  46  3:55  Probe  
  46  4:02  Immortal  
  46  4:03  Probe  
  51  4:18  Sentry  
  51  4:20  Adept  
  55  4:33  Shield Battery  
  55  4:36  Pylon  
  55  4:41  Adept  
  55  4:42  Stalker  
  59  5:06  Adept x2  
  63  5:20  Pylon  
  63  5:25  Adept, Sentry  
Tags
 
Add a new tag
Caveats
  • Supply blocks, unpowered buildings, or Contaminate may cause inaccurate times.
  • Supply counts are checked every 10 seconds.